 Dungeon Crawl Stone Soup version 0.23.1 (webtiles) character file.

Game seed: 493031050309918529

522 Fang the Skirmisher (level 7, -7/44 HPs)
             Began as a Gargoyle Berserker on Mar 11, 2019.
             Was a Believer of Trog.
             Mangled by Grinder (9 damage)
             ... on level 4 of the Dungeon.
             The game lasted 00:02:38 (3079 turns).

Fang the Skirmisher (Gargoyle Berserker)            Turns: 3079, Time: 00:02:38

Health: -7/44      AC: 16    Str: 23    XL:     7   Next: 22%
Magic:  7/7        EV:  7    Int:  7    God:    Trog [**....]
Gold:   7          SH:  0    Dex:  9    Spells: 6/6 levels left

rFire    . . .     SeeInvis .   v - +2 battleaxe (freeze)
rCold    . . .     Gourm    .   (shield currently unavailable)
rNeg     + . .     Faith    .   e - +0 plate armour
rPois    ∞         Spirit   .   (no helmet)
rElec    +         Reflect  .   (no cloak)
rCorr    .         Harm     .   (no gloves)
MR       .....                  (no boots)
Stlth    ..........             (no amulet)
HPRegen  0.14/turn              (no ring)
MPRegen  0.10/turn              (no ring)

@: berserk cooldown, slowed, very slow
A: negative energy resistance 1, electricity resistance, unbreathing,
petrification resistance, rot immunity, AC +4
a: Berserk, Trog's Hand, Renounce Religion


You were on level 4 of the Dungeon.
You worshipped Trog.
Trog was pleased with you.
You were very hungry.

You visited 2 branches of the dungeon, and saw 5 of its levels.

You collected 216 gold pieces.
You spent 209 gold pieces at shops.

Inventory:

Hand Weapons
 a - a +0 hand axe
 v - a +2 battleaxe of freezing (weapon)
Armour
 e - a +0 plate armour (worn)
Wands
 p - a wand of iceblast (11)
 u - a wand of flame (17)
Scrolls
 b - a scroll of random uselessness {unknown}
 f - 3 scrolls of identify {unknown}
 g - 4 scrolls of fog {unknown}
 h - 2 scrolls of teleportation {unknown}
 j - 2 scrolls of blinking {unknown}
 l - a scroll of noise {unknown}
 m - 4 scrolls of remove curse {unknown}
Potions
 d - 2 potions of agility {unknown}
 i - a potion of curing {unknown}
 k - a potion of brilliance {unknown}
 n - 2 potions of degeneration {unknown}
 o - a potion of haste {unknown}
 q - a potion of flight {unknown}
 r - a potion of heal wounds {unknown}
 s - a potion of lignification {unknown}
Comestibles
 c - 10 rations
 t - 6 chunks of flesh


   Skills:
 + Level 5.2 Fighting
 + Level 4.3 Axes
 + Level 4.5 Armour
 + Level 3.3 Dodging


You had 6 spell levels left.
You didn't know any spells.
Your spell library was empty.

Dungeon Overview and Level Annotations

Branches:
Dungeon (4/15)             Temple (1/1) D:4

Altars:
Dithmenos

Shops:
D:4 *

Annotations:
D:4 Grinder


Innate Abilities, Weirdness & Mutations

You are resistant to torment.
Your stone body is resilient. (AC +4)
You are immune to poison.
You resist negative energy. (rN+)
You are resistant to electric shocks. (rElec)
You can survive without breathing.
You are immune to petrification.
You are immune to rotting.


Message History

You swing at nothing.
Grinder gestures at you. You resist with significant effort.
You swing at nothing.
You feel a strong urge to attack something.
Grinder gestures at you. Pain shoots through your body!
You swing at nothing.
Grinder blinks!
You swing at nothing.
You feel your anger nearly subside.
You are no longer berserk.
You are exhausted.
You feel yourself slow down.
You swing at nothing.
Grinder blinks!
You swing at nothing.
You closely miss Grinder. Grinder hits you!
* * * LOW HITPOINT WARNING * * *
You writhe in agony.
* * * LOW HITPOINT WARNING * * *
Grinder hits you!
You die...

#.......#
#.......
#......
#.....# #
#.....# #...
#.....#
#....#.†...#
#....@5..#
#.##.....#
###...###
#.#...###
...###...###
#####
###..(###
###...###
###...###
###...#


You could see Grinder.

Vanquished Creatures
  Sigmund (D:2)
  A water moccasin (D:3)
  A scorpion (D:4)
  Jessica (D:2)
  Ijyb (D:3)
  4 gnolls (D:4)
  4 adders
  A worm (D:2)
  3 dart slugs
  2 leopard geckos
  4 orcs (D:4)
  6 bats
  7 giant cockroaches
  8 goblins
  5 hobgoblins
  5 kobolds
  2 quokkas
  5 frilled lizards
  10 rats
71 creatures vanquished.

Notes
Turn   | Place    | Note
-------+----------+-------------------------------------------
     0 | D:1      | Fang the Gargoyle Berserker began the quest for the Orb.
     0 | D:1      | Reached XP level 1. HP: 14/14 MP: 1/1
   208 | D:1      | Reached XP level 2. HP: 19/19 MP: 2/2
   538 | D:1      | Reached XP level 3. HP: 20/23 MP: 3/3
   835 | D:1      | Reached ** piety under Trog
  1035 | D:2      | Noticed Jessica
  1046 | D:2      | Killed Jessica
  1046 | D:2      | Reached XP level 4. HP: 26/29 MP: 4/4
  1202 | D:2      | Reached skill level 4 in Fighting
  1461 | D:2      | Noticed Sigmund
  1474 | D:2      | Killed Sigmund
  1474 | D:2      | Reached XP level 5. HP: 34/34 MP: 5/5
  1474 | D:2      | Reached XP level 6. HP: 39/39 MP: 6/6
  1730 | D:3      | Noticed a water moccasin
  1743 | D:3      | Killed a water moccasin
  2202 | D:3      | Noticed Ijyb
  2299 | D:3      | Killed Ijyb
  2299 | D:3      | Reached skill level 5 in Fighting
  2332 | D:3      | Found a shadowy altar of Dithmenos.
  2720 | D:4      | Reached XP level 7. HP: 37/44 MP: 7/7
  2929 | D:4      | Found a staircase to the Ecumenical Temple.
  2958 | Temple   | Entered the Ecumenical Temple
  2984 | D:4      | Found Maf Jush's Assorted Antiques.
  2991 | D:4      | Bought a glowing battleaxe for 209 gold pieces
  3057 | D:4      | Noticed Grinder
  3079 | D:4      | HP: 2/44 [Grinder (2)]
  3079 | D:4      | Mangled by Grinder

Skill      XL: |  1  2  3  4  5  6 |
---------------+-------------------+-----
Axes           | 3 4 |  4.3
Dodging        | 2 3 |  3.3
Armour         | 3 4 |  4.5
Fighting       | 4 5 |  5.2

Action                   |  1- 3 |  4- 6 |  7- 9 || total
-------------------------+-------+-------+-------++-------
Melee: Hand axe          |   104 |   138 |    43 ||   285
       Battleaxe         |       |       |    13 ||    13
Invok: Berserk           |       |     2 |     2 ||     4
  Eat: Chunk             |       |     8 |     2 ||    10
Armor: Plate armour      |    78 |    88 |    43 ||   209
Dodge: Dodged            |    32 |    47 |    37 ||   116
